 Dungeon Crawl Stone Soup version 0.26-a0-664-gc8b27b8fc1 (webtiles) character file.

Game seed: 9474888875281836646

177 PentaManta the Ducker (level 5, -5/27 HPs)
             Began as a Spriggan Abyssal Knight on Oct 13, 2020.
             Was a Priest of Lugonu.
             Killed from afar by a white imp (11 damage)
             ... with a puff of frost
             ... on level 5 of the Dungeon.
             The game lasted 00:06:50 (5105 turns).

PentaManta the Ducker (Spriggan Abyssal Knight)     Turns: 5105, Time: 00:06:51

Health: -5/27      AC:  2    Str:  8    XL:     5   Next: 30%
Magic:  8/8        EV: 21    Int: 14    God:    Lugonu [***...]
Gold:   132        SH:  0    Dex: 16    Spells: 4/4 levels left

rFire    . . .     SeeInvis +   a - +1 short sword
rCold    . . .     Faith    .   (shield restricted)
rNeg     . . .     Spirit   .   b - +0 robe
rPois    .         Reflect  .   (helmet restricted)
rElec    .         Harm     .   (no cloak)
rCorr    .         Rampage  .   (gloves unavailable)
MR       .....                  (boots unavailable)
Stlth    +.........             (no amulet)
HPRegen  0.09/turn              (no ring)
MPRegen  0.11/turn              (no ring)

@: very quick
A: very small, unfitting armour, see invisible, speed 3
a: Depart the Abyss, Bend Space, Banish, Renounce Religion


You were on level 5 of the Dungeon.
You worshipped Lugonu.
Lugonu was most pleased with you.
You visited 1 branch of the dungeon, and saw 5 of its levels.
You visited the Abyss 1 time.

You collected 132 gold pieces.

Inventory:

Hand Weapons
 a - a +1 short sword (weapon)
 d - a +0 hunting sling
Armour
 b - a +0 robe (worn)
Jewellery
 f - an uncursed amulet of the acrobat {unknown}
 m - a +6 ring of strength {unknown}
Scrolls
 c - 3 scrolls of enchant armour {unknown}
 g - 2 scrolls of identify {unknown}
 h - 3 scrolls of remove curse {unknown}
 j - a scroll of magic mapping {unknown}
 n - a scroll of noise {unknown}
Potions
 e - 3 potions of curing {unknown}
 i - 2 potions of haste {unknown}
 k - a potion of heal wounds {unknown}
 l - a potion of stabbing {unknown}


   Skills:
 - Level 2.4 Fighting
 + Level 4.1 Short Blades
 + Level 5.8 Dodging
 * Level 3.1 Invocations


You had 4 spell levels left.
You didn't know any spells.
Your spell library was empty.

Dungeon Overview and Level Annotations

Branches:
Dungeon (5/15)
 Temple: D:4-7

Altars:
Ashenzari
Dithmenos
Makhleb
Yredelemnul


Innate Abilities, Weirdness & Mutations

You are very small and have problems with some larger weapons.
You are too small for most types of armour.
You have supernaturally acute eyesight. (SInv)
You cover ground extremely quickly.


Message History

You hit the white imp.
The white imp is heavily wounded.
The orc wizard hits you with a +0 dagger.
The white imp gestures at you. The puff of frost hits you!
You barely miss the white imp.
The white imp is heavily wounded.
The orc wizard barely misses you. The white imp completely misses you.
You hit the white imp but do no damage.
The white imp is heavily wounded.
The orc wizard gestures at you while chanting.
The magic dart hits you.
* * * LOW HITPOINT WARNING * * *
The white imp barely misses you.
You closely miss the white imp.
The white imp is heavily wounded.
The orc wizard misses you. The white imp gestures at you.
The puff of frost hits you!
You die...

#############
#............
#o.......
#@.......
#5.......
#........
#........
#........
#........
#....<...
#########


You could see an orc wizard (invisible) and a white imp.

Vanquished Creatures
  A crimson imp (D:3)
  5 adders
  2 oozes (D:3)
  A worm (D:3)
  4 dart slugs
  3 leopard geckos
  4 giant cockroaches
  9 goblins
  8 hobgoblins
  10 jackals
  A quokka (D:3)
  A ball python (D:3)
  7 bats
  4 frilled lizards
  7 kobolds
  A quokka zombie (D:2)
  10 rats
78 creatures vanquished.

Vanquished Creatures (others)
  2 starspawn tentacles (Abyss:1)
2 creatures vanquished.

Grand Total: 80 creatures vanquished

Notes
Turn   | Place    | Note
-------+----------+-------------------------------------------
     0 | Abyss:1  | PentaManta the Spriggan Abyssal Knight began the quest for
                  | the Orb.
     0 | Abyss:1  | Reached XP level 1. HP: 11/11 MP: 3/3
    36 | Abyss:1  | Noticed a small abomination
    39 | Abyss:1  | Noticed a large abomination
   628 | Abyss:1  | Noticed a quasit
   629 | Abyss:1  | Noticed a fire elemental
   630 | Abyss:1  | Noticed an apocalypse crab
   672 | Abyss:1  | Noticed a tentacled starspawn
   703 | Abyss:1  | Noticed a thrashing horror
   709 | D:1      | Escaped the Abyss
   756 | D:1      | Reached * piety under Lugonu
   968 | D:2      | Reached skill level 4 in Dodging
  1234 | D:2      | Reached XP level 2. HP: 11/16 MP: 4/4
  2097 | D:1      | Reached XP level 3. HP: 19/19 MP: 5/5
  2620 | D:2      | Reached ** piety under Lugonu
  2639 | D:2      | Reached skill level 5 in Dodging
  3318 | D:1      | Reached XP level 4. HP: 10/23 MP: 6/6
  3908 | D:3      | Found a basalt altar of Yredelemnul.
  4656 | D:3      | Found a burning altar of Makhleb.
  4668 | D:3      | Reached XP level 5. HP: 18/27 MP: 8/8
  4978 | D:4      | Found a shadowy altar of Dithmenos.
  5019 | D:4      | Found a broken altar of Ashenzari.
  5048 | D:4      | Reached *** piety under Lugonu
  5099 | D:5      | Entered Level 5 of the Dungeon
  5105 | D:5      | Killed from afar by a white imp

Illustrated notes

Levels and vault maps discovered:
D:1:      sevenhm_arrival_forest_fort_small_3, layout_loops_ring, minivault_23,
          chequers_arboretum
D:2:      layout_rooms, corexii_corridor_pit
D:3:      layout_rooms, makhleb_grotto_becter, old_standard_altar,
          serial_rivers, chequers_serial_rivers_micro_c,
          chequers_serial_rivers_small_3, chequers_serial_rivers_small_a,
          chequers_serial_rivers_micro_b, chequers_serial_rivers_small_3
D:4:      layout_cave_pools, nicolae_ashenzari_panopticon,
          kennysheep_little_box, minmay_temple_entry_slanted, serial_shops, shop
D:5:      layout_rooms

Skill      XL: |  1  2  3  4 |
---------------+-------------+-----
Dodging        | 4 5 |  5.8
Short Blades   | 3 4 |  4.1
Invocations    | 2 3 |  3.1
Fighting       | |  2.4

Action                   |  1- 3 |  4- 6 || total
-------------------------+-------+-------++-------
Melee: Short sword       |   197 |   142 ||   339
Invok: Depart the Abyss  |     1 |       ||     1
  Use: Scroll            |     1 |       ||     1
 Stab: Sleeping          |     3 |     2 ||     5
Armor: Robe              |    30 |     8 ||    38
Dodge: Dodged            |   256 |   142 ||   398

Table legend: (Time is in decaauts)
 A = Elapsed time spent in this place.
 B = Non-inter-level travel time spent in this place.
 C = Inter-level travel time spent in this place.
 D = Time resting spent in this place.
 E = Time spent auto-exploring this place.
 F = Levels seen in this place.
 G = Mean time per level.
                   A        B        C        D        E       F      G
               +--------+--------+--------+--------+--------+-----+--------+
         Total |   4360 |   4324 |     36 |   1938 |   1682 |   6 |  726.7 |
       Dungeon |   3733 |   3697 |     36 |   1438 |   1682 |   5 |  746.6 |
         Abyss |    627 |    627 |      0 |    500 |      0 |   1 |  627.0 |
               +--------+--------+--------+--------+--------+-----+--------+

Top non-repeatable levels by time:
     D:1: 1654 daAuts
     D:2: 1070 daAuts
     D:3: 916 daAuts
 Abyss:1: 627 daAuts
     D:4: 87 daAuts
     D:5: 4 daAuts
